 Dungeon Crawl Stone Soup version 0.30-a0-1066-g63dfefce0d (webtiles) character file.

Game seed: 1536966428116054442

334 Zeldest the Sneak (level 6, 0/45 HPs)
             Began as a Spriggan Warper on Apr 12, 2023.
             Was a Priest of Dithmenos.
             Slain by Grinder (3 damage)
             ... in a sewer.
             The game lasted 00:10:00 (2124 turns).

Zeldest the Sneak (Spriggan Warper)                 Turns: 2124, Time: 00:10:00

Health: 0/45       AC: 23    Str:  6 (7)  XL:     6   Next: 27%
Magic:  11/11      EV:  4    Int: 13 (16) God:    Dithmenos [***...]
Gold:   118        SH:  0    Dex: 13 (15) Spells: 8/10 levels left

rFire   . . .      SeeInvis +    a - +4 lajatang (spect)
rCold   . . .      Faith    .    (shield currently unavailable)
rNeg    . . .      Spirit   .    f - melded +0 robe
rPois   +          Reflect  .    l - melded +1 hat "Ymuz Tath" {rF+ Dex+2}
rElec   .          Rampage  +    (cloak currently unavailable)
rCorr   .          NoTele   +    (gloves unavailable)
Will    +....                    (boots unavailable)
Stlth   ++++                     k - amulet of the Everdark {Acrobat Rampage *Corrode rPois SInv}
HPRegen 0.27/turn                (no ring)
MPRegen 0.12/turn                (no ring)

@: tree-form, wreathed by umbra
A: stationary, stasis, torment immunity, boosted hp, very small, no large
weapons, unfitting armour, see invisible, (speed 3)
a: Renounce Religion, Shadow Step


You were in a sewer.
You worshipped Dithmenos.
Dithmenos was most pleased with you.
You were a tree.
You visited 1 branch of the dungeon, and saw 3 of its levels.
You also visited: Sewer.

You collected 118 gold pieces.

Inventory:

Hand Weapons
 a - a +4 spectral lajatang (weapon)
 b - a +0 dagger
 h - a +0 short sword
Missiles
 d - 7 boomerangs of dispersal (quivered)
Armour
 f - a +0 robe (melded)
 l - the +1 hat "Ymuz Tath" (melded) {rF+ Dex+2}
   (You acquired it on level 2 of the Dungeon)

   Dex:       It affects your dexterity (+2).
   rF:        It protects you from fire.
Jewellery
 g - a ring of fire
 k - the amulet of the Everdark (around neck) {Acrobat Rampage *Corrode rPois SInv}
   (You acquired it on level 2 of the Dungeon)

   [amulet of the acrobat]

   It increases your evasion while moving and waiting.
   rPois:     It protects you from poison.
   SInv:      It lets you see invisible.
   *Corrode:  It may corrode you when you take damage.
   Rampage:   It bestows one free step when moving towards enemies.
Wands
 o - a wand of polymorph (10)
Scrolls
 e - 3 scrolls of identify {unknown}
 j - a scroll of amnesia {unknown}
 m - a scroll of brand weapon {unknown}
 n - 2 scrolls of teleportation {unknown}
 r - a scroll of enchant armour {unknown}
Potions
 i - a potion of attraction


   Skills:
 + Level 1.9 Fighting
 - Level 3.0 Short Blades
 + Level 2.6 Staves
 - Level 1.0 Throwing
 - Level 3.2 Dodging
 + Level 6.4 Stealth
 - Level 2.6 Spellcasting
 - Level 4.4 Translocations
 + Level 1.4 Invocations


You had 8 spell levels left.
You knew the following spells:

 Your Spells              Type           Power      Damage    Failure   Level
a - Blink                 Tloc           26%        N/A       6%          2

Your spell library contained the following spells:

 Spells                   Type           Power      Damage    Failure   Level
 Lesser Beckoning         Tloc           26%        N/A       6%          2
 Teleport Other           Tloc           13%        N/A       12%         3
 Beastly Appendage        Tmut           2%         N/A       24%         1
 Magic Dart               Conj           4%         1d3       24%         1
 Necrotise                Necr           4%         1d4       24%         1
 Summon Small Mammal      Summ           4%         N/A       24%         1
 Vhi's Electric Charge    Tloc/Air       14%        N/A       28%         3
 Searing Ray              Conj           2%         2d4       34%         2
 Wereblood                Tmut           1%         N/A       34%         2
 Manifold Assault         Tloc           13%        N/A       36%         4
 Call Canine Familiar     Summ           1%         N/A       56%         3
 Spider Form              Tmut/Pois      1%         N/A       56%         3
 Summon Guardian Golem    Hex/Summ       1%         N/A       56%         3
 Vampiric Draining        Necr           1%         2d6       56%         3
 Fulminant Prism          Conj/Hex       0%         3d5       93%         4
 Agony                    Necr           1%         N/A       100%        5


Dungeon Overview and Level Annotations

Branches:
Dungeon (3/15) Zot: 16787   Sewer (1/1) Zot: 5725

Altars:
Dithmenos
Hepliaklqana
Okawaru

Annotations:
Sewer Grinder


Innate Abilities, Weirdness & Mutations

You are a tree.
Your roots penetrate the ground, keeping you stationary.
You cannot be teleported.
You are immune to unholy pain and torment.
Your maximum health is greatly increased.
Your equipment is partially melded.
You are very small and have problems with some larger weapons.
You are too small for most types of armour.
You have supernaturally acute eyesight. (SInv)
((You cover ground extremely quickly. (Speed+++)))


Message History

You closely miss the kobold.
Your +4 spectral lajatang hits the kobold!
You kill the kobold!
Dithmenos accepts your kill.
The wight barely misses your +4 spectral lajatang.
You hit the shadow imp.
The shadow imp is lightly wounded.
Your +4 spectral lajatang hits the shadow imp!
You kill the shadow imp!
Dithmenos accepts your kill.
The wight hits your +4 spectral lajatang with a +0 morningstar!
Your spectral weapon shares its damage with you!
The wight barely misses your +4 spectral lajatang.
Okay, then.
A kobold comes into view. It is wielding a +0 whip.
Items here: ( )) †.
You barely miss the wight.
Your +4 spectral lajatang misses the wight.
The wight barely misses you.
The wight hits you with a +0 morningstar!
You barely miss the wight.
Your +4 spectral lajatang hits the wight!
Grinder closely misses you.
The wight hits your +4 spectral lajatang with a +0 morningstar!
Your spectral weapon shares its damage with you!
Okay, then.
Okay, then.
It was a potion of lignification.
You turn into a tree.
The +1 hat "Ymuz Tath" {rF+ Dex+2} melds into your body.
Your +0 robe melds into your body.
Your roots penetrate the ground.
Grinder hits you!
You writhe in agony.
The wight hits you with a +0 morningstar!
* * * LOW HITPOINT WARNING * * *
You slash the wight!
You destroy the wight!
Dithmenos accepts your kill. Grinder hits you but does no damage.
Grinder hits you.
* * * LOW HITPOINT WARNING * * *
You writhe in agony.
You die...

≈~~#..⌠.⌠..#≈≈~
...'.......'...
...'.⌠._.⌠.'...
...'.......'...
#...⌠.W.# #)..#
#############K#########
#~≈~#≈~~≈≈≈#.5)#§≈≈≈≈≈#
#≈~..~~~.~.)).♣.§~~~~~#
#≈~.#......#...#......#
#≈~.#!#######≈#######'#
#≈.~#......#≈≈~#......#
#≈≈~#~~....#≈≈≈#..~~~~#
#≈≈≈#≈≈≈≈~...≈...~~≈≈≈#
#≈≈≈#≈≈≈≈≈≈#...#.≈≈≈≈≈#
#≈≈≈#≈≈≈≈~~≈)..#≈≈≈≈≈≈#
#≈≈≈#≈≈≈≈≈~#.)†#~≈≈≈≈≈#


You could see Grinder and a kobold.

Vanquished Creatures
  A kobold brigand (Sewer)
  A phantom (Sewer)
  A wight (Sewer)
  6 adders
  A river rat (D:3)
  4 shadow imps (Sewer)
  3 ufetubi (Sewer)
  An adder zombie (Sewer)
  2 worms
  2 dart slugs (D:2)
  7 endoplasms
  4 giant cockroaches
  5 goblins
  7 hobgoblins
  19 kobolds
  9 ball pythons
  4 bats
  2 frilled lizards (D:2)
  2 kobold zombies (Sewer)
  2 rats (D:2)
83 creatures vanquished.

Notes
Turn   | Place    | Note
-------+----------+-------------------------------------------
     0 | D:1      | Zeldest the Spriggan Warper began the quest for the Orb.
     0 | D:1      | Reached XP level 1. HP: 10/10 MP: 5/5
   165 | D:1      | Reached skill level 1 in Stealth
   297 | D:1      | Found a faded altar of an unknown god.
   312 | D:1      | Reached XP level 2. HP: 14/14 MP: 6/6
   325 | D:1      | Prayed at the altar of an unknown god.
   325 | D:1      | Became a worshipper of Dithmenos the Shadowed
   325 | D:1      | Reached * piety under Dithmenos
   339 | D:1      | You fall into a shaft and drop 1 floor!
   457 | D:1      | Reached skill level 2 in Stealth
   921 | D:2      | Identified 3 scrolls of acquirement
   921 | D:2      | Acquired the amulet of the Everdark {Acrobat Rampage
                  | *Corrode rPois SInv}
   991 | D:2      | Acquired the +1 hat "Ymuz Tath" {rF+ Dex+2}
  1023 | D:2      | Acquired a +4 spectral lajatang
  1037 | D:2      | Reached XP level 3. HP: 8/18 MP: 8/8
  1138 | D:2      | Reached skill level 3 in Stealth
  1384 | D:2      | Reached skill level 1 in Staves
  1384 | D:2      | Reached XP level 4. HP: 22/22 MP: 9/9
  1388 | D:2      | Learned a level 2 spell: Blink
  1458 | D:2      | Reached ** piety under Dithmenos
  1459 | D:2      | Reached skill level 4 in Stealth
  1672 | D:3      | Found a hazy altar of Hepliaklqana.
  1758 | D:3      | Found an iron altar of Okawaru.
  1781 | D:3      | Found a glowing drain.
  1811 | Sewer    | Entered a sewer
  1878 | Sewer    | Reached skill level 5 in Stealth
  1878 | Sewer    | Reached XP level 5. HP: 23/25 MP: 10/10
  1899 | Sewer    | Found an ancient bone altar of Kikubaaqudgha.
  1914 | Sewer    | Reached skill level 6 in Stealth
  2057 | Sewer    | Reached *** piety under Dithmenos
  2094 | Sewer    | Noticed a phantom
  2104 | Sewer    | Noticed Grinder
  2105 | Sewer    | Reached skill level 1 in Invocations
  2107 | Sewer    | Killed a phantom
  2108 | Sewer    | Reached XP level 6. HP: 30/30 MP: 11/11
  2124 | Sewer    | Slain by Grinder

Illustrated notes

Levels and vault maps discovered:
D:1:      minmay_arrival_four_houses, layout_loops_ring,
          nicolae_ecumenical_snake_handling
D:2:      minmay_general_purpose_star, layout_basic,
          chequers_serial_rivers_micro_d
D:3:      layout_loops_ring, mainiacjoe_overflow_chevrons, lemuel_tele_altar,
          portal_sewer_entry_c, solitary_fountain
Sewer:    kennysheep_sewer_church

Skill      XL: |  1  2  3  4  5 |
---------------+----------------+-----
Stealth        | 1 2 3 5 6 |  6.4
Short Blades   | 3 |  3.0
Staves         | 1 2 |  2.6
Invocations    | 1 |  1.4
Fighting       | |  1.9
Throwing       | |  1.0
Dodging        | |  3.2
Spellcasting   | |  2.6
Translocations | |  4.4

Action                     |  1- 3 |  4- 6 || total
---------------------------+-------+-------++-------
  Melee: Short sword       |    22 |       ||    22
         Dagger            |    71 |       ||    71
         Punch             |     1 |       ||     1
         Lajatang          |    18 |   105 ||   123
    Use: Scroll            |     3 |     1 ||     4
         Potion            |       |     3 ||     3
   Stab: Sleeping          |     3 |     7 ||    10
         Distracted        |       |     1 ||     1
 Armour: Robe              |     7 |    12 ||    19
         Skin              |       |     1 ||     1
  Dodge: Dodged            |   101 |   141 ||   242

Table legend: (Time is in decaauts)
 A = Elapsed time spent in this place.
 B = Non-inter-level travel time spent in this place.
 C = Inter-level travel time spent in this place.
 D = Time resting spent in this place.
 E = Time spent auto-exploring this place.
 F = Levels seen in this place.
 G = Mean time per level.
                   A        B        C        D        E       F      G
               +--------+--------+--------+--------+--------+-----+--------+
         Total |   1486 |   1444 |     42 |    149 |    635 |   4 |  371.5 |
       Dungeon |   1212 |   1170 |     42 |     86 |    617 |   3 |  404.0 |
         Sewer |    273 |    273 |      0 |     63 |     17 |   1 |  273.0 |
               +--------+--------+--------+--------+--------+-----+--------+

Top non-repeatable levels by time:
     D:2: 633 daAuts
     D:1: 474 daAuts
   Sewer: 273 daAuts
     D:3: 104 daAuts
